 Dungeon Crawl Stone Soup version 0.31-a0-263-ge8cad7f256 (webtiles) character file.

Game seed: 13784155453386863955

89 qw the Shooter (level 4, 0/26 HPs)
             Began as a Gargoyle Hexslinger on July 13, 2023.
             Slain by Sigmund
             ... wielding a +0 scythe
              (10 damage)
             ... on level 2 of the Dungeon.
             The game lasted 00:00:28 (1048 turns).

qw the Shooter (Gargoyle Hexslinger)                Turns: 1048, Time: 00:00:29

Health: 0/26       AC:  9    Str: 12    XL:     4   Next: 55%
Magic:  5/5        EV: 10    Int: 13    God:
Gold:   127        SH:  0    Dex: 14    Spells: 4/5 levels left

rFire   . . .        Y - +1 sling
rCold   . . .        (no shield)
rNeg    + . .        e - +0 ring mail
rPois   inf          (no helmet)
rElec   +            (no cloak)
rCorr   .            g - +0 pair of gloves
SInv    .            (no boots)
Will    .....        (no amulet)
Stlth   +            (no ring)
HPRegen 0.24/turn    (no ring)
MPRegen 0.09/turn

%: no passive effects
@: no status effects
A: sickness immunity, AC +3, negative energy resistance 1, electricity
resistance, torment resistance 1, petrification resistance
a: no special abilities


You were on level 2 of the Dungeon.
You visited 1 branch of the dungeon, and saw 2 of its levels.

You collected 127 gold pieces.


Innate Abilities, Weirdness & Mutations

You are immune to sickness and miasma.
Your stone body is resilient. (AC +3)
You are immune to poison.
You resist negative energy. (rN+)
You are resistant to electric shocks. (rElec)
You are resistant to unholy torment.
You are immune to petrification.


   Skills:
 - Level 2.2 Fighting
 + Level 4.0 Ranged Weapons
 - Level 1.0 Armour
 - Level 1.5 Dodging
 - Level 1.0 Spellcasting
 - Level 2.6 Hexes


You had 4 spell levels left.
You knew the following spells:

 Your Spells              Type           Power      Damage    Failure   Level
a - Slow                  Hex            28%        N/A       22%         1

Your spell library contained the following spells:

 Spells                   Type           Power      Damage    Failure   Level
 Inner Flame              Hex/Fire       4%         N/A       73%         3
 Portal Projectile        Hex/Tloc       8%         N/A       73%         3
 Cause Fear               Hex            3%         N/A       91%         4

Inventory:

Hand Weapons
 Y - a +1 sling (weapon)
Armour
 e - a +0 ring mail (worn)
 g - a +0 pair of gloves (worn)
Potions
 f - a potion of heal wounds {unknown}
 h - 2 potions of enlightenment {unknown}

Dungeon Overview and Level Annotations

Branches:
Dungeon (2/15)

Altars:

Annotations:
D:2 Sigmund


Message History

You shoot a sling bullet. The sling bullet barely misses Jessica.
Jessica hits you but does no damage.
You shoot a sling bullet. The sling bullet barely misses Jessica.
Jessica barely misses you. Jessica hits you but does no damage.
Sigmund casts a spell.
Sigmund flickers and vanishes!
Deactivating autopickup; reactivate with Ctrl-A.
You shoot a sling bullet. The sling bullet hits Jessica.
Jessica is severely wounded.
You hear some strange, mumbled words.
A puff of flame appears from out of thin air!
The puff of flame misses you.
Jessica mumbles some strange words.
Jessica seems to speed up.
You shoot a sling bullet.
The sling bullet hits Jessica but does no damage.
Jessica is severely wounded.
Jessica points at you and mumbles some strange words.
You resist with some effort.
You hear some strange, mumbled words.
Something tries to affect you, but you resist.
Jessica closely misses you.
You shoot a sling bullet. The sling bullet barely misses Jessica.
Jessica points at you and mumbles some strange words.
Pain shoots through your body!
A magic dart appears from out of thin air!
The magic dart hits you.
Jessica hits you with a +0 dagger of flaming.
Jessica burns you. Something hits you.
You shoot a sling bullet. The sling bullet barely misses Jessica.
Jessica closely misses you. Jessica misses you.
You shoot a sling bullet. The sling bullet hits Jessica.
You kill Jessica!
Something hits you.
Your Ranged Weapons skill increases to level 4!
You shoot a sling bullet. Something hits you.
You shoot a sling bullet. Something hits you!
You die...

........####...........#
.......%%..<............
........####.......###..
........####.......# #..
#####......#.......# #..
######.......[...#..
##...#....>..#.#..
###...........## ###
#..@..........# ...
#...).......... .##
#..{######.#>### ## ##..
...# .. ... #... # ..#.
.## # ..## # .# # ..


There were no monsters in sight!

Vanquished Creatures
  Jessica (D:2)
  3 adders
  A dart slug (D:1)
  6 bats
  2 endoplasms (D:1)
  A giant cockroach (D:2)
  2 hobgoblins (D:1)
  3 quokkas
  3 ball pythons
  2 frilled lizards (D:2)
  2 goblins
  6 kobolds
32 creatures vanquished.

Notes
Turn   | Place    | Note
-------+----------+-------------------------------------------
     0 | D:1      | qw the Gargoyle Hexslinger began the quest for the Orb.
     0 | D:1      | Reached XP level 1. HP: 12/12 MP: 2/2
     0 | D:1      | 0 ||| qw: Version: 0.3-a-52-g30416fa
     0 | D:1      | 0 ||| qw: Game counter: 7258
     0 | D:1      | 0 ||| qw: Melee chars always use a shield: true
     0 | D:1      | 0 ||| qw: God list: Okawaru
     0 | D:1      | 0 ||| qw: Allow faded altars: false
     0 | D:1      | 0 ||| qw: Do Orc after clearing Dungeon:15 true
     0 | D:1      | 0 ||| qw: Do second Lair branch before Depths: true
     0 | D:1      | 0 ||| qw: Lair rune preference: random
     0 | D:1      | 0 ||| qw: Goals: Normal
     0 | D:1      | 0 ||| PLANNING D:1-11
   208 | D:1      | Reached XP level 2. HP: 16/16 MP: 3/3
   295 | D:1      | Reached skill level 3 in Ranged Weapons
   730 | D:1      | 730 ||| UPGRADING to +0 ring mail.
   740 | D:1      | 740 ||| DROPPING +0 robe.
   741 | D:1      | 741 ||| UPGRADING to +0 pair of gloves.
   746 | D:1      | 746 ||| READING scroll labelled YQAETA SICHISH.
   750 | D:1      | 750 ||| DROPPING scroll of poison.
   786 | D:2      | 786 ||| STAIRDANCE
   798 | D:1      | Reached XP level 3. HP: 8/21 MP: 4/4
   927 | D:2      | Found a faded altar of an unknown god.
   929 | D:2      | Reached skill level 1 in Armour
  1014 | D:2      | Reached XP level 4. HP: 25/26 MP: 5/5
  1032 | D:2      | Noticed Jessica
  1037 | D:2      | Noticed Sigmund
  1046 | D:2      | Killed Jessica
  1047 | D:2      | Reached skill level 4 in Ranged Weapons
  1048 | D:2      | Slain by Sigmund

Levels and vault maps discovered:
D:1:      roderic_chinese_lattice_arrival, layout_basic
D:2:      layout_rooms, hellmonk_ecumenical_altar_heavens_door, uniq_sigmund,
          uniq_jessica

Skill      XL: |  1  2  3  4 |
---------------+-------------+-----
Ranged Weapons | 3 4 |  4.0
Fighting       | 2 |  2.2
Armour         | 1 |  1.0
Dodging        | |  1.5
Spellcasting   | |  1.0
Hexes          | |  2.6

Action                     |  1- 3 |  4- 6 || total
---------------------------+-------+-------++-------
   Fire: Sling             |   118 |    19 ||   137
    Use: Scroll            |     1 |       ||     1
 Armour: Robe              |     9 |       ||     9
         Ring mail         |    49 |     2 ||    51
  Dodge: Dodged            |    79 |     7 ||    86

Table legend:
 A = Non-vault XP
 B = Vault XP
 C = Vault XP percentage of total XP
 D = Non-vault monster count
 E = Vault monster count
 F = Vault count percentage of total count
                 A         B        C        D         E       F
            +---------+---------+-------+---------+---------+-------
      Total |      91 |      37 |  28.9 |      31 |       1 |   3.1
            +---------+---------+-------+---------+---------+-------
        D:1 |      44 |       0 |   0.0 |      17 |       0 |   0.0
        D:2 |      47 |      37 |  44.0 |      14 |       1 |   6.7
            +---------+---------+-------+---------+---------+-------
